 Dungeon Crawl Stone Soup version 0.28.0-53-g5a82cb258f (webtiles) character file.

Game seed: 11352670405377450207

225 kblaster33 the Skirmisher (level 5, -1/42 HPs)
             Began as a Vampire Fighter on Aug 16, 2022.
             Was a Follower of Okawaru.
             Slain by an ufetubus (3 damage)
             ... summoned by Eustachio
             ... on level 4 of the Dungeon.
             The game lasted 00:17:13 (2789 turns).

kblaster33 the Skirmisher (Vampire Fighter)         Turns: 2789, Time: 00:17:16

Health: -1/42      AC: 11    Str: 14 (17) XL:     5   Next: 68%
Magic:  4/5        EV:  3    Int: 10 (11) God:    Okawaru [*.....]
Gold:   125        SH:  4    Dex: 10 (13) Spells: 4/4 levels left

rFire   . . .      SeeInvis +   a - +0 war axe
rCold   . . .      Faith    .   c - +0 buckler
rNeg    . . .      Spirit   .   m - +0 plate armour
rPois   .          Reflect  .   (no helmet)
rElec   .          Harm     .   (no cloak)
rCorr   .          Rampage  .   (no gloves)
Will    .....                   (no boots)
Stlth   ..........              h - amulet of the acrobat
HPRegen 0.34/turn               (no ring)
MPRegen 0.09/turn               (no ring)

@: healing quickly
A: alive, fangs 3, see invisible, vampiric 2
a: Exsanguinate, Renounce Religion, Heroism


You were on level 4 of the Dungeon.
You worshipped Okawaru.
Okawaru was aware of your devotion.
You visited 1 branch of the dungeon, and saw 4 of its levels.

You collected 125 gold pieces.

Inventory:

Hand Weapons
 a - a +0 war axe (weapon)
Armour
 c - a +0 buckler (worn)
 m - a +0 plate armour (worn)
Magical Staves
 j - a staff of conjuration
Jewellery
 h - an amulet of the acrobat (around neck)
Scrolls
 f - 2 scrolls of noise
 g - a scroll of identify
 n - a scroll of magic mapping
Potions
 d - a potion of might


   Skills:
 + Level 3.6 Fighting
 + Level 3.5 Axes
 + Level 3.4 Armour
 + Level 0.3 Dodging
 + Level 0.2 Stealth
 + Level 3.2 Shields


You had 4 spell levels left.
You didn't know any spells.
Your spell library was empty.

Dungeon Overview and Level Annotations

Branches:
Dungeon (4/15)
 Temple: D:4-7

Altars:
Okawaru

Annotations:
D:4 Eustachio


Innate Abilities, Weirdness & Mutations

Your natural rate of healing is accelerated.
You have razor-sharp teeth.
You have supernaturally acute eyesight. (SInv)
You are afflicted with vampirism and can become a bat while bloodless.


Message History

You hit the river rat but do no damage.
The river rat is moderately wounded.
You feel like a meek peon again. The bat hits you but does no damage.
The quokka bites you but does no damage.
You block the bat's attack.
The ufetubus hits you but does no damage. x2
The quokka bites you but does no damage.
You block the river rat's attack.
a - a +0 war axe (weapon)
The ufetubus hits you but does no damage. x2
You slash the river rat!
You kill the river rat!
The river rat's corpse disappears in a puff of smoke!
You hit the bat.
You kill the bat!
The bat's corpse disappears in a puff of smoke!
You completely miss the quokka. You hit the ufetubus.
You block the bat's attack. The ufetubus barely misses you.
The ufetubus hits you but does no damage.
The quokka bites you.
* * * LOW HITPOINT WARNING * * *
The ufetubus barely misses you.
The ufetubus hits you but does no damage.
The quokka bites you but does no damage.
The bat hits you but does no damage.
You hit the quokka.
The quokka is severely wounded.
You miss the ufetubus. You hit the bat. The bat hits you but does no damage.
The ufetubus hits you but does no damage. x2
You block the quokka's attack. You block the ufetubus's attack.
The ufetubus barely misses you.
The quokka bites you but does no damage.
You hit the quokka but do no damage.
The quokka is severely wounded.
You miss the ufetubus. The bat barely misses you.
The ufetubus hits you but does no damage. x4
You block the quokka's attack. You block the ufetubus's attack.
The ufetubus hits you.
You die...

#######.######.
#...#
............##.##.#.
#####.......##....g#
#.####..##.....#
#........##.#..###
#.##.#...##.#....#
#.##.#.........#
#.....b5.##.#..#
#.####@r@##....# #.#
##)#####..# #.. ...#
...# ### ###.# ...#
.. ...# #. #...# ..
..


You could see Eustachio, an ufetubus (summoned), a quokka (summoned) and a bat
(summoned).

Vanquished Creatures
  A scorpion (D:4)
  A water moccasin skeleton (D:3)
  3 adders
  A white imp (D:3)
  A worm (D:2)
  5 orcs
  6 ball pythons
  4 endoplasms
  3 giant cockroaches
  6 goblins
  8 hobgoblins
  9 jackals
  5 quokkas
  8 bats
  2 frilled lizards
  6 kobolds
  3 rats
72 creatures vanquished.

Vanquished Creatures (others)
  6 fungi (D:1)
  6 plants (D:1)
12 creatures vanquished.

Grand Total: 84 creatures vanquished

Notes
Turn   | Place    | Note
-------+----------+-------------------------------------------
     0 | D:1      | kblaster33 the Vampire Fighter began the quest for the Orb.
     0 | D:1      | Reached XP level 1. HP: 17/17 MP: 1/1
   185 | D:1      | You fall into a shaft and drop 1 floor!
   196 | D:2      | Reached XP level 2. HP: 23/23 MP: 2/2
   976 | D:1      | Found a faded altar of an unknown god.
   987 | D:1      | Gained mutation: You are afflicted with vampirism and can
                  | become a bat while bloodless. [Vampire growth]
   987 | D:1      | Reached XP level 3. HP: 29/29 MP: 3/3
  1016 | D:1      | Prayed at the altar of an unknown god.
  1016 | D:1      | Became a worshipper of Warmaster Okawaru
  1016 | D:1      | Reached * piety under Okawaru
  1646 | D:3      | Reached XP level 4. HP: 21/35 MP: 4/4
  2562 | D:3      | Reached XP level 5. HP: 33/41 MP: 5/5
  2669 | D:4      | Noticed Edmund
  2733 | D:4      | Noticed Eustachio
  2787 | D:4      | HP: 1/42 [quokka[Eustachio] (3)]
  2789 | D:4      | Slain by an ufetubus

Illustrated notes

Levels and vault maps discovered:
D:1:      psy_arrival_spokes, layout_basic,
          dreamdust_ecumenical_altar_hidden_monk_grotto, roderic_lattice_a,
          st_stairs_13
D:2:      layout_rooms
D:3:      minmay_chambers_of_twos, layout_basic
D:4:      layout_loops_cross, trog_wizard, nicolae_tso_swordbearing_angel,
          uniq_eustachio, uniq_edmund, uniq_robin

Skill      XL: |  1  2  3  4 |
---------------+-------------+-----
Fighting       | 3 |  3.6
Axes           | 2 3 |  3.5
Armour         | 3 |  3.4
Shields        | 3 |  3.2
Dodging        | |  0.3
Stealth        | |  0.2

Action                   |  1- 3 |  4- 6 || total
-------------------------+-------+-------++-------
Melee: War axe           |   132 |   125 ||   257
       Bite              |    18 |    11 ||    29
       Staff             |       |     4 ||     4
Invok: Heroism           |       |     1 ||     1
  Use: Scroll            |       |     4 ||     4
       Potion            |       |     4 ||     4
Armor: Scale mail        |    78 |       ||    78
       Plate armour      |       |   182 ||   182
       Skin              |       |   115 ||   115
Dodge: Dodged            |    56 |   186 ||   242
Block: Buckler           |    39 |   105 ||   144
